 Dungeon Crawl Stone Soup version 0.28.0-53-g5a82cb258f (webtiles) character file.

Game seed: 10088008681312645334

10442 H0rd4k the Nimble (level 11, -11/82 (84) HPs)
             Began as a Human Artificer on July 14, 2022.
             Was an Initiate of Gozag.
             Mangled by a sixfirhy (12 damage)
             ... summoned by an orc high priest
             ... on level 9 of the Dungeon on July 15, 2022.
             The game lasted 00:32:14 (21005 turns).

H0rd4k the Nimble (Human Artificer)                Turns: 21005, Time: 00:32:14

HP:   -11/82 (84)   AC:  8    Str: 12    XL:     11   Next: 93%
MP:   19/19         EV: 14    Int: 19    God:    Gozag
Gold: 2105          SH:  5    Dex: 11    Spells: 23/23 levels left

rFire   . . .      SeeInvis .   I - +3 morningstar "Pupiq Lisyxt" {drain, rC+ rCorr Int+4 Dex-2}
rCold   + . .      Faith    .   (no shield)
rNeg    . . .      Spirit   .   b - +0 leather armour
rPois   .          Reflect  +   p - +2 helmet
rElec   .          Harm     .   (no cloak)
rCorr   +          Rampage  .   l - +0 pair of gloves
Will    +....                   H - +0 pair of boots
Stlth   +.........              f - amulet of reflection
HPRegen 0.23/turn               m - ring of willpower
MPRegen 0.16/turn               g - ring of flight

@: flying, lightly drained
A: low MP 1, weak 1, evolution 1
a: Renounce Religion, Potion Petition, Call Merchant, Bribe Branch


You were on level 9 of the Dungeon.
You worshipped Gozag.
Gozag was most pleased with you.
You visited 2 branches of the dungeon, and saw 12 of its levels.

You collected 2750 gold pieces.
You spent 593 gold pieces at shops.
You paid 52 gold pieces to Gozag.

Inventory:

Hand Weapons
 n - a +1 dagger of flaming
 o - a +1 dagger of venom
 D - a +0 vorpal scimitar
 E - a +3 dagger
 I - the +3 morningstar "Pupiq Lisyxt" (weapon) {drain, rC+ rCorr Int+4 Dex-2}
   (You bought it in a shop on level 1 of the Dungeon)

   A truly terrible weapon, it drains the life of any living foe it strikes.
   Int:       It affects your intelligence (+4).
   Dex:       It affects your dexterity (-2).
   rC:        It protects you from cold.
   rCorr:     It protects you from acid and corrosion.
 L - a +2 dagger of freezing
Missiles
 C - 35 poisoned darts
Armour
 b - a +0 leather armour (worn)
 l - a +0 pair of gloves (worn)
 p - a +2 helmet (worn)
 G - an orb of energy
 H - a +0 pair of boots (worn)
Magical Staves
 F - a staff of death
Jewellery
 f - an amulet of reflection (around neck)
 g - a ring of flight (right hand)
 m - a ring of willpower (left hand)
 x - a ring of see invisible
 z - a ring of ice
Scrolls
 h - a scroll of fog
 i - a scroll of identify
 r - 4 scrolls of teleportation
 u - a scroll of enchant weapon
 y - 4 scrolls of blinking
 J - a scroll of summoning
Potions
 a - 2 potions of cancellation {unknown}
 j - 4 potions of degeneration
 t - a potion of mutation
 v - 2 potions of attraction
 w - 2 potions of magic
 B - a potion of curing
Miscellaneous
 e - a piece from Xom's chessboard (13/15)
 N - a piece from Xom's chessboard (13/15)


   Skills:
 + Level 7.2 Fighting
 - Level 6.7 Short Blades
 + Level 8.3 Maces & Flails
 - Level 2.0 Armour
 + Level 8.6 Dodging
 - Level 1.0 Stealth
 - Level 1.2 Shields
 + Level 0.4 Unarmed Combat
 * Level 6.9 Spellcasting
 + Level 5.8 Evocations


You had 23 spell levels left.
You didn't know any spells.
Your spell library contained the following spells:

 Spells                   Type           Power      Damage    Failure   Level
 Sublimation of Blood     Necr           6%         N/A       21%         2
 Wereblood                Tmut           6%         N/A       21%         2
 Summon Hydra             Summ           3%         N/A       100%        7


Dungeon Overview and Level Annotations

Branches:
Dungeon (11/15)            Temple (1/1) D:4             Orc (0/2) D:11
   Lair: D:8-11

Altars:
Ashenzari
Cheibriados
Dithmenos
Elyvilon
Fedhas
Gozag
Hepliaklqana
Kikubaaqudgha
Makhleb
Nemelex Xobeh
Okawaru
Qazlal
Ru
Sif Muna
Trog
Uskayaw
Vehumet
Wu Jian
Xom
Yredelemnul
Zin
The Shining One

Shops:
D:1 ?(?   D:8 [

Annotations:
D:4 2 runed translucent doors, exclusions: 2 doors and downstairs, crawlogic's ghost, novice HOFi
D:5 exclusion: upstairs
D:6 exclusion: upstairs
D:7 exclusions: downstairs and upstairs
D:8 exclusion: downstairs
D:9 1 exclusion
D:11 exclusion: upstairs


Innate Abilities, Weirdness & Mutations

Your magical capacity is low. (-10% MP)
You are weak. (Str -2)
You have hidden genetic potential.


Message History

You easily resist.
There is an open door here.
You swap places.
There is an open door here.
Your yak dissolves into shadows!
What are your orders? t - Shout!
Orders for allies: a - Attack new target. r - Retreat! s - Stop attacking. g - Guard the area. f - Follow me.
Anything else - Cancel.
Guard this area!
The orc high priest prays to Beogh.
You miss the orc high priest. The orc high priest barely misses you.
The orc high priest hits your yak but does no damage.
Your yak closely misses the orc high priest.
You bludgeon the orc high priest!!
The orc high priest is moderately wounded.
The sixfirhy barely misses you.
The sixfirhy hits you but does no damage.
The sixfirhy hits you.
* * * LOW HITPOINT WARNING * * *
The sixfirhy shocks you!
* * * LOW HITPOINT WARNING * * *
The sixfirhy closely misses you.
The orc high priest hits you with a +0 battleaxe.
* * * LOW HITPOINT WARNING * * *
The orc high priest hits your yak but does no damage.
The orc high priest hits your yak with a +0 battleaxe!
Your yak gores the orc high priest!
Your yak misses the orc high priest.
The orc high priest prays to Beogh.
Your yak barely misses the orc high priest. x2
The orc high priest hits your yak with a +0 battleaxe! x2
Your yak gores the orc high priest!
Your yak closely misses the orc high priest.
You swap places.
The sixfirhy hits you.
* * * LOW HITPOINT WARNING * * *
The sixfirhy shocks you!
You die...
Your body crumbles into a pile of gold.

,,,,,,*,,,,,,,,,* ####.......
,,,,,,*8,,,,,,,,* #..........
************+*********#).........
,,,,,,*$$$$*,,,,*,,,>*#..........
,,,,,,*$$$$*,,,,*,,,,*####'######
..B..,*$$$$*,,,,*,,$,* #.......
.z...,*$$$$*,,,,+,,,,* ##(.....
.....,'$$$$########### #.......
.....,*$$$$#...3@....# #.......
o....,*$$$$#.⌠.l#....# #..<....
D....,*$$$$#..Y4#O)..# #.......
.....,*$$$$#.o..#...># #.......
############Y#############.......
.P.P.P#.........#................
.3....#.........#.#######........
......#.........#.......#.......#
P.PoP.'....(....#######.#.......#


You could see an orc high priest (ally target), an ice devil (summoned), a
sixfirhy (summoned), a friendly two-headed ogre (summoned, wandering), 2
friendly yaks and a friendly wyvern (summoned).

Vanquished Creatures
  2 manticores
  Maurice (D:8)
  Joseph (D:10)
  A gargoyle (D:5)
  A komodo dragon (D:10)
  A kobold demonologist (D:11)
  Grinder (D:4)
  A hornet (D:9)
  Prince Ribbit (D:8)
  2 meliai zombies (D:11)
  A slime creature (D:9)
  3 yaks
  A shadow (D:10)
  3 wraiths
  A wyvern (D:9)
  Eustachio (D:6)
  A water elemental (D:11)
  A basilisk (D:8)
  A steam dragon (D:9)
  2 acid dragons
  2 water moccasins (D:7)
  2 ice beasts (D:8)
  A sky beast (D:7)
  4 orc warriors
  2 ogres
  4 centaurs
  5 kobold brigands
  4 bullfrogs
  3 scorpions
  11 killer bees
  A wyvern skeleton (D:7)
  5 wights
  2 howler monkeys
  7 centaur zombies
  3 orc priests
  3 hounds
  A centaur skeleton (D:7)
  4 jellies
  A scorpion zombie (D:5)
  2 killer bee zombies
  A hound skeleton (D:4)
  Robin (D:2)
  3 gnolls
  2 howler monkey zombies
  12 adders
  A shadow imp (D:6)
  A white imp (D:6)
  An adder skeleton (D:4)
  A worm (D:3)
  A dart slug (D:2)
  19 orcs
  3 bats
  5 endoplasms
  4 giant cockroaches
  17 goblins
  14 hobgoblins
  3 jackals (D:5)
  2 quokkas
  6 ball pythons
  3 frilled lizards
  28 kobolds
  8 rats
230 creatures vanquished.

Vanquished Creatures (collateral kills)
  A killer bee (D:7)
  A wight (D:9)
  2 howler monkeys (D:9)
  2 orc wizards
  2 gnolls (D:2)
  4 orcs
  A goblin (D:4)
  A kobold (D:2)
14 creatures vanquished.

Vanquished Creatures (others)
  2 yaks (D:10)
  An orc warrior (D:7)
  3 killer bees
  A gnoll (D:2)
  4 bushes (D:9)
  18 fungi (D:10)
  6 plants (D:10)
35 creatures vanquished.

Grand Total: 279 creatures vanquished

Notes
Turn   | Place    | Note
-------+----------+-------------------------------------------
     0 | D:1      | H0rd4k the Human Artificer began the quest for the Orb.
     0 | D:1      | Reached XP level 1. HP: 15/15 MP: 1/1
   528 | D:1      | Reached XP level 2. HP: 9/21 MP: 2/2
   846 | D:1      | Reached XP level 3. HP: 16/26 MP: 3/3
   995 | D:1      | Found Qiomufir's Magic Scroll Boutique.
  1068 | D:1      | Found a faded altar of an unknown god.
  1251 | D:1      | Found Sexkety's Antique Weapon Shop.
  1895 | D:1      | Found Angor's Magic Scroll Shoppe.
  2101 | D:2      | Reached XP level 4. HP: 32/32 MP: 4/4
  2530 | D:2      | Reached skill level 1 in Maces & Flails
  2549 | D:2      | Noticed Robin
  2558 | D:3      | Noticed a scorpion
  2743 | D:2      | Killed Robin
  2776 | D:2      | Reached XP level 5. HP: 35/37 MP: 5/5
  3088 | D:2      | Found a sparkling altar of Nemelex Xobeh.
  4146 | D:3      | Reached skill level 1 in Short Blades
  4146 | D:3      | Reached skill level 1 in Shields
  4146 | D:3      | Reached XP level 6. HP: 38/46 MP: 6/6
  4273 | D:4      | Found a runed translucent door.
  4310 | D:4      | Noticed crawlogic's ghost (novice HOFi)
  4353 | D:4      | Noticed an ogre
  4375 | D:4      | Killed an ogre
  4566 | D:4      | Reached skill level 1 in Spellcasting
  4566 | D:4      | Reached XP level 7. HP: 35/51 MP: 8/8
  4608 | D:4      | Found a snail-covered altar of Cheibriados.
  4612 | D:4      | Found a runed translucent door.
  4717 | D:4      | Found a staircase to the Ecumenical Temple.
  4732 | Temple   | Entered the Ecumenical Temple
  4784 | Temple   | Became a worshipper of Gozag Ym Sagoz the Greedy
  5248 | D:4      | Noticed Grinder
  5258 | D:5      | Entered Level 5 of the Dungeon
  5468 | D:5      | Noticed a gargoyle
  5615 | D:6      | Found a stormy altar of Qazlal.
  5705 | D:6      | Reached XP level 8. HP: 16/57 MP: 9/11
  6098 | D:6      | Found a glowing golden altar of the Shining One.
  6194 | D:6      | Noticed Eustachio
  7618 | D:4      | Paralysed by Grinder for 4 turns
  7851 | D:4      | Killed Grinder
  7852 | D:4      | Reached skill level 5 in Dodging
  8167 | D:7      | Reached skill level 5 in Short Blades
  8257 | D:7      | Reached XP level 9. HP: 50/65 MP: 13/13
  8354 | D:7      | Reached skill level 5 in Evocations
 10357 | D:8      | Found Ahoyshac's Specialty Armours.
 10633 | D:8      | Noticed Prince Ribbit
 10659 | D:8      | Killed Prince Ribbit
 10938 | D:6      | Found a bloodstained altar of Trog.
 10986 | D:6      | Killed Eustachio
 10987 | D:6      | Reached XP level 10. HP: 66/73 MP: 16/16
 11074 | D:6      | Reached skill level 5 in Fighting
 11675 | D:1      | Bought a scroll of teleportation for 30 gold pieces
 11675 | D:1      | Bought a scroll of blinking for 75 gold pieces
 11675 | D:1      | Bought a scroll of blinking for 75 gold pieces
 11698 | D:1      | Bought an ichor-stained morningstar for 171 gold pieces
 11698 | D:1      | Identified the +3 morningstar "Pupiq Lisyxt" {drain, rC+
                  | rCorr Int+4 Dex-2} (You bought it in a shop on level 1 of
                  | the Dungeon)
 11722 | D:1      | Bought a scroll of identify for 28 gold pieces
 11763 | D:1      | Bought a scroll of summoning for 95 gold pieces
 11763 | D:1      | Bought a scroll of fear for 35 gold pieces
 11771 | D:1      | Identified a scroll of acquirement
 11773 | D:1      | Acquired 1032 gold pieces
 12581 | D:8      | Noticed Maurice
 12584 | D:8      | Killed Maurice
 12585 | D:8      | Reached skill level 5 in Spellcasting
 13770 | D:9      | Found a broken altar of Ashenzari.
 13770 | D:9      | Found an ancient bone altar of Kikubaaqudgha.
 13775 | D:9      | Found a shadowy altar of Dithmenos.
 14043 | D:9      | Found a basalt altar of Yredelemnul.
 14330 | D:10     | Entered Level 10 of the Dungeon
 14330 | D:10     | Noticed Joseph
 14344 | D:10     | Killed Joseph
 14345 | D:10     | Reached skill level 5 in Maces & Flails
 14743 | D:10     | Noticed a komodo dragon
 15155 | D:11     | Reached XP level 11. HP: 21/81 MP: 19/19
 15822 | D:11     | HP: 2/81 [water elemental (7)]
 16360 | D:11     | Gained mutation: You have hidden genetic potential. [a
                  | neqoxec]
 16361 | D:11     | Gained mutation: You are weak. (Str -2) [a neqoxec]
 16365 | D:11     | Gained mutation: Your magical capacity is low. (-10% MP) [a
                  | neqoxec]
 16792 | D:11     | Noticed a manticore
 16817 | D:11     | Found a staircase to the Orcish Mines.
 17594 | D:11     | Killed a manticore
 18469 | D:10     | Found a hazy altar of Hepliaklqana.
 19275 | D:9      | Noticed a manticore
 19287 | D:9      | Killed a manticore
 19294 | D:9      | Noticed a five-headed hydra
 19294 | D:9      | Noticed an orc high priest
 19294 | D:9      | Noticed a boulder beetle
 20035 | D:1      | Bought a scroll of teleportation for 42 gold pieces
 20035 | D:1      | Bought a scroll of teleportation for 42 gold pieces
 20628 | D:10     | Noticed a deep elf pyromancer
 21001 | D:9      | Noticed a sixfirhy
 21005 | D:9      | HP: 1/82 [sixfirhy[an orc high priest] (6)]
 21005 | D:9      | Mangled by a sixfirhy

Illustrated notes

Levels and vault maps discovered:
D:1:      elethiomel_arrival_infinity_welcomes_careful_drivers,
          layout_loops_corners, ebering_ecumenical_altar_rust, serial_shops,
          shop, shop, nicolae_shop_crystal
D:2:      layout_basic, basic_altar, minmay_octomino_j4, uniq_robin
D:3:      layout_loops_ring, serial_bayou_pond_e
D:4:      layout_cave_pools, lemuel_round_altar, minmay_temple_entry_arrows,
          ebering_ghost_sewer_f, uniq_grinder
D:5:      layout_loops_ring
D:6:      layout_cave_pools, lemuel_crystal_altar, lightli_temple_of_fire,
          nicolae_tso_swordbearing_angel, sigmund_army, uniq_eustachio
D:7:      layout_gridville, grunt_ministairs_14, chequers_serial_rivers_room_b,
          nrook_mini_vaults
D:8:      layout_cave_pools, minivault_27, nicolae_barding_shop, uniq_maurice,
          uniq_prince_ribbit1
D:9:      minmay_klotski, layout_basic, lemuel_zombie_altar_yredelemnul,
          chequers_temple_overflow_statue_of_worship
D:10:     minmay_the_grid_3x3 [minmay_the_grid_paths,
          minmay_the_grid_diamond_grid, minmay_the_grid_doors,
          minmay_the_grid_small_cups, minmay_the_grid_rooms,
          minmay_the_grid_pillar_ring, minmay_the_grid_square_x,
          minmay_the_grid_minigrid_small_alt,
          minmay_the_grid_prize_four_corners], layout_cave_pools,
          general_overflow_altar, grunt_lair_entry_orc_guard_hut, minivault_13,
          uniq_joseph
D:11:     layout_basic, orc_0_dummy, hangedman_abyss_or_decor_lesser_grid,
          grunt_ministairs_1, grunt_decor_fettered
Temple:   cyrus_circular_temple

Skill      XL: |  1  2  3  4  5  6  7  8  9 10 11 |
---------------+----------------------------------+-----
Evocations     | 4 5 |  5.8
Maces & Flails | 1 5 8 |  8.3
Dodging        | 2 3 4 5 6 7 8 |  8.6
Fighting       | 2 3 4 6 7 |  7.2
Short Blades   | 1 2 3 5 6 |  6.7
Shields        | 1 |  1.2
Spellcasting   | 1 2 3 4 5 6 |  6.9
Armour         | |  2.0
Stealth        | |  1.0
Unarmed Combat | |  0.4

Action                   |  1- 3 |  4- 6 |  7- 9 | 10-12 || total
-------------------------+-------+-------+-------+-------++-------
Melee: Club              |    95 |     3 |       |       ||    98
       Dagger            |       |   160 |   480 |    27 ||   667
       Flail             |       |    13 |       |       ||    13
       Unarmed           |       |     6 |       |       ||     6
       Punch             |       |     6 |    13 |     5 ||    24
       Morningstar       |       |       |       |   476 ||   476
Evoke: Wand              |     4 |     4 |    21 |    23 ||    52
       Piece from Xom's  |       |       |       |     4 ||     4
  Use: Scroll            |       |       |       |    18 ||    18
       Potion            |       |       |       |     5 ||     5
 Stab: Sleeping          |     3 |     1 |     2 |       ||     6
       Confused          |       |     3 |       |       ||     3
       Distracted        |       |       |     1 |     3 ||     4
       Paralysed         |       |       |       |     1 ||     1
Armor: Leather armour    |    23 |    51 |   103 |   217 ||   394
       Skin              |       |       |       |    43 ||    43
Dodge: Dodged            |    50 |    87 |   302 |   468 ||   907
Block: Other             |     9 |    30 |   108 |   159 ||   306
       Reflection        |       |       |       |     5 ||     5
